 Dungeon Crawl Stone Soup version 0.31-a0-164-g2312942fda (webtiles) character file.

Game seed: 11786155843243513594

191 qw the Shooter (level 5, 0/49 HPs)
             Began as a Naga Hunter on June 13, 2023.
             Slain by an adder (2 damage)
             ... in a sewer.
             The game lasted 00:01:01 (1756 turns).

qw the Shooter (Naga Hunter)                        Turns: 1756, Time: 00:01:02

Health: 0/49       AC:  3    Str: 20    XL:     5   Next: 70%
Magic:  5/5        EV:  9    Int:  9    God:
Gold:   177        SH:  0    Dex: 16    Spells: 4/4 levels left

rFire   . . .        Y - +0 shortbow
rCold   . . .        (shield currently unavailable)
rNeg    . . .        c - +0 leather armour
rPois   +            (no helmet)
rElec   .            (no cloak)
rCorr   .            (no gloves)
SInv    +            (no barding)
Will    .....        (no amulet)
Stlth   ++           d - +6 ring of strength
HPRegen 0.28/turn    (no ring)
MPRegen 0.09/turn

%: no passive effects
@: short of breath, very slow
A: AC +1, large, see invisible, deformed body, poison resistance, slowness 2,
spit poison 1, naga tail 1
a: Spit Poison


You were in a sewer.
You visited 1 branch of the dungeon, and saw 4 of its levels.
You also visited: Sewer.

You collected 177 gold pieces.


Innate Abilities, Weirdness & Mutations

Your serpentine skin is tough. (AC +1)
You have supernaturally acute eyesight. (SInv)
Armour fits poorly on your strangely shaped body.
Your system is resistant to poisons. (rPois)
You cover ground very slowly.
You can spit poison.
You have a snake-like lower body.


   Skills:
 - Level 3.0 Fighting
 + Level 5.8 Ranged Weapons
 - Level 1.5 Dodging
 - Level 1.5 Stealth


You had 4 spell levels left.
You didn't know any spells.
Your spell library was empty.

Inventory:

Hand Weapons
 Y - a +0 shortbow (weapon)
Armour
 c - a +0 leather armour (worn)
Jewellery
 d - a +6 ring of strength (left hand)
Scrolls
 a - 2 scrolls of identify
 f - a scroll of enchant weapon {unknown}
 h - a scroll of blinking {unknown}
Potions
 b - a potion of resistance {unknown}
 e - a potion of heal wounds
 g - 2 potions of haste {unknown}
 i - a potion of ambrosia {unknown}

Dungeon Overview and Level Annotations

Branches:
Dungeon (4/15)              Sewer (1/1)
 Temple: D:4-7

Altars:
Zin


Message History

The bullfrog croaks.
The arrow hits the adder.
The adder is heavily wounded.
You hear an angry hiss.
The adder bites you but does no damage. The adder barely misses you.
The adder bites you but does no damage. The adder bites you. x2
You shoot an arrow. The arrow hits the adder.
The adder is severely wounded.
The adder barely misses you. The adder bites you but does no damage.
The bullfrog hits you but does no damage.
The ball python barely misses you.
You shoot an arrow. The arrow hits the adder.
The adder is almost dead.
The adder bites you but does no damage. The adder bites you.
The bullfrog barely misses you. The adder bites you.
The ball python bites you but does no damage.
The adder closely misses you. The bullfrog barely misses you.
The adder bites you.
You shoot an arrow. The arrow closely misses the adder.
The arrow hits the endoplasm.
The endoplasm is severely wounded.
The adder bites you but does no damage. The ball python bites you.
The bullfrog barely misses you. The adder completely misses you.
The adder bites you. The adder barely misses you.
You shoot an arrow. The arrow hits the adder.
You kill the adder!
You have got your breath back.
The bullfrog hits you. The ball python barely misses you.
The adder bites you but does no damage. The bullfrog hits you.
The adder barely misses you. The bullfrog closely misses you.
The ball python bites you. The adder barely misses you.
1756 ||| INVOKING Spit Poison.
Aiming: Spit Poison (1% risk of failure)
Press: ? - help, Shift-Dir - straight line, f - bullfrog The splash of poison hits the bullfrog.
The bullfrog is moderately wounded.
The bullfrog hits you. x2; The adder bites you but does no damage.
The ball python bites you. The adder bites you. The bullfrog hits you!
The adder bites you.
You die...

...##
....#
......#
...##
##.....#
~~~~#
#~~#~~~#
~~~~#
#~~~~~~#
~~~~#
#~~~~~S#
~~~~#
#~~~JSS#
~~~~#
#~~~SFS#
~~~~#
#~~~lF@#
~~~~#
#~~~~SS#
...~#
#~~~~.~#
...~#
#~~~~~~#
...~#
#~~~~~~#
~~~~#
#~~~~~~#
~~~~#
#~~~~~~#
~~~~#
#~~~~~~#
~~~~#
#~~~~~~#


You could see 2 bullfrogs, 2 adders, an endoplasm, 5 ball pythons and a frilled
lizard.

Vanquished Creatures
  A jelly (D:2)
  3 river rats (Sewer)
  5 adders
  A worm (D:2)
  A dart slug (D:2)
  7 bats
  6 endoplasms
  5 giant cockroaches
  5 goblins
  5 hobgoblins
  5 jackals (D:2)
  4 quokkas
  9 ball pythons
  7 frilled lizards
  5 kobolds
  26 rats
95 creatures vanquished.

Notes
Turn   | Place    | Note
-------+----------+-------------------------------------------
     0 | D:1      | qw the Naga Hunter began the quest for the Orb.
     0 | D:1      | Reached XP level 1. HP: 19/19 MP: 1/1
     0 | D:1      | 0 ||| qw: Version: 0.2-a-29-gc1b59c4
     0 | D:1      | 0 ||| qw: Game counter: 4589
     0 | D:1      | 0 ||| qw: Always use a shield: true
     0 | D:1      | 0 ||| qw: God list: Okawaru
     0 | D:1      | 0 ||| qw: Allow faded altars: false
     0 | D:1      | 0 ||| qw: Do Orc after D:15 true
     0 | D:1      | 0 ||| qw: Do second Lair branch before Depths: true
     0 | D:1      | 0 ||| qw: Lair rune preference: random
     0 | D:1      | 0 ||| qw: Plans: Normal
     0 | D:1      | 0 ||| PLANNING D:1-11
    17 | D:1      | 17 ||| INVOKING Spit Poison.
    36 | D:1      | 36 ||| INVOKING Spit Poison.
    52 | D:1      | 52 ||| INVOKING Spit Poison.
    79 | D:1      | 79 ||| INVOKING Spit Poison.
   123 | D:1      | 123 ||| INVOKING Spit Poison.
   126 | D:1      | 126 ||| INVOKING Spit Poison.
   140 | D:1      | 140 ||| INVOKING Spit Poison.
   150 | D:1      | 150 ||| INVOKING Spit Poison.
   151 | D:1      | Reached skill level 4 in Ranged Weapons
   151 | D:1      | Reached XP level 2. HP: 26/26 MP: 2/2
   228 | D:1      | 228 ||| INVOKING Spit Poison.
   246 | D:1      | 246 ||| INVOKING Spit Poison.
   249 | D:1      | 249 ||| INVOKING Spit Poison.
   266 | D:1      | 266 ||| INVOKING Spit Poison.
   358 | D:1      | 358 ||| INVOKING Spit Poison.
   363 | D:1      | 363 ||| INVOKING Spit Poison.
   367 | D:1      | 367 ||| INVOKING Spit Poison.
   372 | D:1      | 372 ||| INVOKING Spit Poison.
   434 | D:1      | 434 ||| INVOKING Spit Poison.
   467 | D:1      | 467 ||| READING 2 scrolls labelled MIXEIS DEHEYBY.
   468 | D:1      | 468 ||| READING scroll labelled OCUIFE MUYR.
   469 | D:1      | 469 ||| READING scroll labelled FUAVELLUUSOH.
   470 | D:1      | 470 ||| DROPPING scroll of butterflies.
   481 | D:2      | 481 ||| INVOKING Spit Poison.
   483 | D:2      | 483 ||| INVOKING Spit Poison.
   496 | D:2      | 496 ||| INVOKING Spit Poison.
   499 | D:2      | Reached XP level 3. HP: 32/32 MP: 3/3
   618 | D:2      | 618 ||| INVOKING Spit Poison.
   644 | D:2      | 644 ||| INVOKING Spit Poison.
   645 | D:2      | Reached skill level 5 in Ranged Weapons
   670 | D:2      | 670 ||| INVOKING Spit Poison.
   675 | D:2      | Reached XP level 4. HP: 39/39 MP: 4/4
   793 | D:2      | 793 ||| INVOKING Spit Poison.
   907 | D:2      | 907 ||| INVOKING Spit Poison.
   910 | D:2      | 910 ||| INVOKING Spit Poison.
   941 | D:2      | 941 ||| INVOKING Spit Poison.
   958 | D:2      | 958 ||| INVOKING Spit Poison.
   962 | D:2      | 962 ||| INVOKING Spit Poison.
   968 | D:2      | 968 ||| INVOKING Spit Poison.
  1069 | D:2      | 1069 ||| INVOKING Spit Poison.
  1073 | D:2      | 1073 ||| INVOKING Spit Poison.
  1079 | D:2      | 1079 ||| INVOKING Spit Poison.
  1087 | D:2      | You fall into a shaft and drop 2 floors!
  1097 | D:4      | 1097 ||| INVOKING Spit Poison.
  1103 | D:4      | 1103 ||| INVOKING Spit Poison.
  1108 | D:4      | 1108 ||| INVOKING Spit Poison.
  1116 | D:4      | 1116 ||| READING scroll labelled BOZELA JYPEQ.
  1117 | D:4      | 1117 ||| READING scroll labelled UPHUFI XIUXUMN.
  1118 | D:4      | 1118 ||| DRINKING 2 smoky yellow potions.
  1119 | D:4      | 1119 ||| READING 2 scrolls of identify.
  1119 | D:4      | 1119 ||| IDENTIFYING pink potion
  1120 | D:4      | 1120 ||| FLEEEEING.
  1121 | D:4      | 1121 ||| FLEEEEING.
  1122 | D:4      | 1122 ||| STAIRDANCE
  1124 | D:3      | 1124 ||| PLANNING SEWER
  1179 | D:3      | 1179 ||| INVOKING Spit Poison.
  1253 | D:3      | Found a glowing silver altar of Zin.
  1255 | D:3      | 1255 ||| INVOKING Spit Poison.
  1312 | D:3      | Reached skill level 3 in Fighting
  1353 | D:3      | 1353 ||| INVOKING Spit Poison.
  1355 | D:3      | Found a glowing drain.
  1356 | D:3      | 1356 ||| UPGRADING to +6 ring of strength.
  1357 | D:3      | 1357 ||| READING scroll labelled MIREKE ZILICE.
  1358 | D:3      | 1358 ||| DROPPING potion of attraction.
  1362 | D:3      | 1362 ||| INVOKING Spit Poison.
  1368 | D:3      | 1368 ||| INVOKING Spit Poison.
  1376 | Sewer    | Entered a sewer
  1390 | Sewer    | 1390 ||| INVOKING Spit Poison.
  1395 | Sewer    | 1395 ||| INVOKING Spit Poison.
  1401 | Sewer    | Reached XP level 5. HP: 41/49 MP: 5/5
  1433 | Sewer    | 1433 ||| INVOKING Spit Poison.
  1436 | Sewer    | 1436 ||| INVOKING Spit Poison.
  1442 | Sewer    | 1442 ||| INVOKING Spit Poison.
  1464 | Sewer    | 1464 ||| INVOKING Spit Poison.
  1475 | Sewer    | 1475 ||| INVOKING Spit Poison.
  1506 | Sewer    | 1506 ||| INVOKING Spit Poison.
  1513 | Sewer    | 1513 ||| INVOKING Spit Poison.
  1519 | Sewer    | 1519 ||| INVOKING Spit Poison.
  1526 | Sewer    | 1526 ||| INVOKING Spit Poison.
  1576 | Sewer    | 1576 ||| INVOKING Spit Poison.
  1616 | Sewer    | 1616 ||| INVOKING Spit Poison.
  1621 | Sewer    | 1621 ||| INVOKING Spit Poison.
  1627 | Sewer    | 1627 ||| INVOKING Spit Poison.
  1632 | Sewer    | 1632 ||| INVOKING Spit Poison.
  1637 | Sewer    | 1637 ||| INVOKING Spit Poison.
  1643 | Sewer    | 1643 ||| INVOKING Spit Poison.
  1648 | Sewer    | 1648 ||| INVOKING Spit Poison.
  1655 | Sewer    | 1655 ||| INVOKING Spit Poison.
  1658 | Sewer    | 1658 ||| INVOKING Spit Poison.
  1659 | Sewer    | HP: 12/49 [river rat (3)]
  1660 | Sewer    | 1660 ||| DRINKING 2 potions of heal wounds.
  1747 | Sewer    | 1747 ||| INVOKING Spit Poison.
  1750 | Sewer    | 1750 ||| INVOKING Spit Poison.
  1756 | Sewer    | 1756 ||| INVOKING Spit Poison.
  1756 | Sewer    | HP: 11/49 [bullfrog (3)]
  1756 | Sewer    | HP: 2/49 [bullfrog (7)]
  1756 | Sewer    | Slain by an adder

Levels and vault maps discovered:
D:1:      matt_arrival_grand_opening, layout_rooms
D:2:      layout_loops_cross
D:3:      layout_rooms, mainiacjoe_overflow_cross_hatched, portal_sewer_entry_f,
          dreamdust_ecumenical_altar_angels_and_demons,
          hellmonk_ghost_happy_afterlife, kennysheep_generic_room_8
D:4:      layout_loops_ring, doesnt_xom_only_xom, minmay_temple_entry_trees
Sewer:    sewer_minmay_w

Skill      XL: |  1  2  3  4 |
---------------+-------------+-----
Ranged Weapons | 4 5 |  5.8
Fighting       | 3 |  3.0
Dodging        | |  1.5
Stealth        | |  1.5

Action                     |  1- 3 |  4- 6 || total
---------------------------+-------+-------++-------
   Fire: Shortbow          |    61 |   134 ||   195
Ability: Spit Poison       |    22 |    42 ||    64
    Use: Scroll            |     3 |     4 ||     7
         Potion            |       |     2 ||     2
 Armour: Leather armour    |    19 |    27 ||    46
  Dodge: Dodged            |    11 |    45 ||    56

Table legend:
 A = Non-vault XP
 B = Vault XP
 C = Vault XP percentage of total XP
 D = Non-vault monster count
 E = Vault monster count
 F = Vault count percentage of total count
                 A         B        C        D         E       F
            +---------+---------+-------+---------+---------+-------
      Total |     138 |     136 |  49.6 |      53 |      42 |  44.2
            +---------+---------+-------+---------+---------+-------
        D:1 |      30 |       0 |   0.0 |      20 |       0 |   0.0
        D:2 |      77 |       0 |   0.0 |      20 |       0 |   0.0
        D:3 |      26 |      12 |  31.6 |      10 |       6 |  37.5
        D:4 |       5 |       0 |   0.0 |       3 |       0 |   0.0
      Sewer |       0 |     124 | 100.0 |       0 |      36 | 100.0
            +---------+---------+-------+---------+---------+-------
